Map: Mech Depot LE

Players

TheMightyOne

  • Race: Terran Terran
  • League: Diamond
  • Spawn Location: 1:00

NerfopTerran - Winner!

  • Race: Zerg Zerg
  • League: Master
  • Spawn Location: 7:00

VOD

Have the link to the VOD?

Description

Time

  • Played on: Sept. 6, 2017, 3:42 a.m.
  • Length: 12:22
Show
View Real Time Build Order
Export as new Build Order

TheMightyOne Terran 

Build Orders: Reaper Expand, MMM Bio 

Get SALT Encoding   

  12  0:01  SCV  
  13  0:13  SCV  
  14  0:18  Supply Depot  
  14  0:25  SCV  
  15  0:40  SCV  
  15  0:41  Barracks  
  16  0:50  Refinery  
  16  0:52  SCV  
  17  1:04  SCV  
  18  1:20  SCV  
  19  1:33  Orbital Command  
  19  1:34  Reaper  
  20  1:41  Command Center  
  20  1:53  Barracks  
  20  1:58  SCV  
  21  2:05  Supply Depot  
  21  2:08  Reaper  
  22  2:13  SCV  
  23  2:21  Refinery  
  23  2:27  SCV  
  24  2:31  Factory  
  24  2:39  SCV  
  24  2:41  Marine x2  
  27  2:50  Supply Depot  
  27  2:51  SCV  
  27  2:56  Orbital Command  
  27  3:02  Barracks Tech Lab  
  28  3:05  SCV  
  28  3:07  Barracks Reactor  
  28  3:17  SCV  
  29  3:26  Marine  
  30  3:27  Stimpack  
  30  3:29  SCV  
  30  3:31  Starport  
  30  3:33  SCV  
  32  3:40  Factory Reactor  
  32  3:42  SCV  
  32  3:45  SCV  
  34  3:49  Supply Depot  
  34  3:54  SCV  
  34  3:57  SCV  
  34  4:02  Supply Depot  
  35  4:06  SCV  
  35  4:09  Marine x3  
  39  4:13  SCV  
  40  4:19  Bunker  
  40  4:28  Medivac x2  
  40  4:29  Supply Depot  
  40  4:30  SCV  
  45  4:35  Supply Depot x3  
  45  4:38  Marine x3  
  45  4:39  SCV  
  49  4:48  SCV  
  50  4:56  Marine x2  
  52  5:03  Marine  
  53  5:08  Refinery  
  53  5:14  Marine  
  53  5:15  Engineering Bay, Marine  
  53  5:17  Engineering Bay  
  53  5:21  Marine  
  55  5:25  Medivac x2  
  55  5:27  Widow Mine  
  62  5:29  Combat Shields  
  62  5:31  Marine  
  63  5:36  SCV  
  63  5:37  Marine  
  63  5:38  Command Center  
  63  5:39  Marine  
  66  5:47  Terran Infantry Weapons Level 1  
  66  5:49  Terran Infantry Armor Level 1, Marine  
  68  5:50  SCV  
  68  5:52  Refinery  
  68  5:55  Marine  
  68  5:56  Marine  
  69  5:59  Widow Mine  
  72  6:04  SCV  
  72  6:07  SCV, Marine  
  75  6:13  Marine  
  75  6:16  SCV  
  75  6:18  Barracks  
  77  6:19  Barracks  
  77  6:30  Marine x2  
  77  6:31  Marine  
  76  6:35  SCV  
  77  6:41  SCV  
  77  6:44  Armory  
  77  6:46  Supply Depot  
  78  6:47  Factory Reactor, Medivac x2, Supply Depot  
  78  6:48  Marine x2  
  78  6:51  Marine  
  78  6:52  SCV  
  78  6:53  Orbital Command  
  86  6:58  SCV  
  87  7:01  Barracks  
  87  7:04  SCV  
  88  7:10  SCV  
  88  7:15  Marine x2  
  91  7:18  Barracks Reactor, Barracks Tech Lab  
  91  7:21  SCV, Marine  
  91  7:22  Widow Mine x2  
  97  7:33  Marine x2  
  97  7:35  SCV  
  99  7:37  Marine  
  99  7:38  Concussive Shells  
  99  7:39  Marine  
  101  7:49  Terran Infantry Armor Level 2, Terran Infantry Weapons Level 2  
  101  7:51  Widow Mine x2, Barracks Reactor, Marine x2  
  103  7:57  SCV  
  108  8:00  Orbital Command  
  108  8:02  SCV  
  109  8:06  Marine x2  
  109  8:11  Marine x2  
  109  8:12  Marine x2  
  113  8:16  SCV  
  113  8:19  Widow Mine  
  114  8:20  SCV  
  114  8:24  Marine x2  
  114  8:25  Medivac  
  121  8:28  SCV  
  121  8:29  Marine  
  121  8:30  Marauder  
  125  8:41  SCV  
  125  8:42  Refinery  
  125  8:44  Refinery  
  125  8:45  Factory x2  
  125  8:48  Marine x2  
  125  8:49  Marine  
  128  8:58  SCV, Marine  
  130  9:03  Medivac  
  130  9:09  Marine  
  133  9:13  Supply Depot  
  133  9:18  Supply Depot  
  133  9:26  Terran Vehicle Weapons Level 1, Marauder x2, SCV, Marine x3  
  133  9:27  Supply Depot  
  133  9:30  Supply Depot, Factory Tech Lab  
  133  9:31  Factory Tech Lab  
  141  9:34  Medivac, SCV, Marine  
  145  9:40  SCV  
  136  9:59  Marine x2  
  132  10:04  SCV  
  132  10:10  Marine x2  
  132  10:12  Marine x3  
  136  10:16  Marine  
  136  10:17  Marine x2  
  128  10:22  Siege Tank x2  
  131  10:28  Marine x2  
  131  10:29  Medivac x2  
  131  10:30  Marine x3  
  131  10:33  Widow Mine x2  
  134  10:46  SCV  
  134  10:48  SCV  
  134  10:49  Marine x2  
  130  10:53  Widow Mine  
  130  10:54  Siege Tank  
  135  10:57  SCV  
  135  10:59  Medivac  
  135  11:03  Medivac  
  140  11:04  Marine x3  
  142  11:22  Siege Tank  
  142  11:24  Command Center  
  145  11:26  Sensor Tower  
  145  11:31  Siege Tank  
  145  11:32  Widow Mine x2  
  151  11:44  Marine x4  
  120  11:57  SCV  
  107  12:06  SCV  
  90  12:08  SCV  
Show
View Real Time Build Order
Export as new Build Order

NerfopTerran Zerg - Winner!

Build Orders: Hatch First 

Get SALT Encoding   

  12  0:01  Drone  
  13  0:12  Overlord  
  13  0:17  Drone  
  14  0:30  Drone x2  
  16  0:39  Drone  
  17  0:58  Hatchery  
  17  0:59  Drone x2  
  18  1:06  Extractor  
  18  1:07  Drone  
  18  1:18  Spawning Pool  
  17  1:20  Drone  
  18  1:28  Drone  
  19  1:39  Drone  
  20  1:50  Overlord  
  20  2:09  Metabolic Boost  
  20  2:13  Queen  
  23  2:15  Zergling x4  
  23  2:16  Queen  
  23  2:18  Drone  
  27  2:23  Drone x2  
  29  2:38  Hatchery  
  29  2:41  Drone x2  
  30  2:44  Drone  
  30  2:46  Drone  
  32  2:51  Queen  
  32  2:56  Overlord  
  34  3:08  Zergling x2  
  34  3:09  Zergling x2  
  36  3:15  Drone x2  
  36  3:16  Drone  
  39  3:36  Overlord  
  39  3:37  Overlord  
  39  3:41  Lair  
  39  3:43  Extractor  
  38  3:55  Drone  
  39  3:56  Drone x6  
  39  4:01  Drone x3  
  39  4:02  Drone  
  49  4:05  Drone  
  49  4:06  Drone x2  
  52  4:14  Baneling Nest  
  51  4:17  Overlord  
  51  4:18  Evolution Chamber  
  51  4:19  Drone x2  
  51  4:20  Evolution Chamber  
  51  4:30  Overlord  
  51  4:31  Queen x2  
  55  4:40  Zergling x2  
  55  4:41  Zergling x14  
  63  4:47  Overlord x2  
  63  4:58  Baneling x4  
  63  5:01  Zerg Ground Armor Level 1  
  63  5:04  Drone  
  64  5:11  Zergling x18  
  64  5:12  Zergling x2  
  74  5:14  Drone x2  
  76  5:24  Zerg Melee Weapons Level 1  
  76  5:28  Drone  
  76  5:29  Drone x4  
  76  5:34  Centrifical Hooks  
  81  5:40  Extractor  
  81  5:41  Drone  
  81  5:42  Extractor, Drone x3  
  83  5:43  Drone x2  
  83  5:44  Drone  
  83  5:45  Overlord x2  
  86  6:01  Drone  
  87  6:07  Drone x8  
  87  6:10  Hydralisk Den  
  94  6:12  Overlord  
  94  6:15  Drone  
  95  6:20  Hatchery  
  94  6:32  Queen  
  92  6:33  Hatchery  
  93  6:44  Muscular Augments  
  93  6:55  Drone  
  93  6:56  Extractor, Drone x3  
  93  6:57  Hatchery  
  93  6:58  Overlord x3  
  93  6:59  Zergling x10  
  93  7:00  Zergling x10  
  105  7:13  Overlord x3  
  105  7:14  Overlord  
  105  7:15  Overlord x2  
  105  7:17  Zerg Ground Armor Level 2  
  105  7:19  Zerg Melee Weapons Level 2  
  105  7:24  Hydralisk x5  
  115  7:36  Overseer  
  110  7:43  Baneling x9  
  110  7:44  Baneling x2  
  110  7:51  Hydralisk  
  110  7:52  Hydralisk x3  
  110  7:55  Drone  
  110  7:56  Drone x10  
  128  8:03  Baneling  
  126  8:23  Drone x8  
  126  8:24  Drone x13  
  126  8:25  Queen  
  149  8:29  Extractor  
  149  8:31  Hydralisk x4  
  156  8:44  Extractor  
  156  8:45  Extractor, Hydralisk x6  
  166  8:54  Overlord  
  166  8:55  Overlord x5  
  165  9:14  Hydralisk  
  165  9:15  Zergling x2  
  165  9:16  Zergling x24, Infestation Pit  
  179  9:28  Zergling x2, Hatchery  
  179  9:29  Zergling x26  
  192  9:35  Zerg Missile Weapons Level 1  
  192  9:49  Zergling x2  
  192  9:50  Zergling x16  
  196  9:59  Queen x2  
  183  10:10  Overseer x3  
  183  10:12  Pneumatized Carapace  
  179  10:16  Zergling x2  
  179  10:17  Zergling x38  
  186  10:54  Zergling x8  
  186  10:55  Zergling x20  
  200  11:00  Hive  
  198  11:05  Baneling x2  
  198  11:06  Baneling x22  
  188  11:54  Zergling x24  
  161  11:55  Zergling x18  
Tags
 
Add a new tag
Caveats
  • Supply blocks, unpowered buildings, or Contaminate may cause inaccurate times.
  • Supply counts are checked every 10 seconds.